 Dungeon Crawl Stone Soup version 0.18-a0-1160-geb89fc2 (webtiles) character file.

7247 M4edhros the Covert (level 11, 0/63 HPs)
             Began as an Octopode Artificer on Jan 24, 2016.
             Was a High Priest of Okawaru.
             Succumbed to poison (a potion of poison)
             ... in a bailey.
             The game lasted 00:32:34 (12931 turns).

M4edhros the Covert (Octopode Artificer)           Turns: 12931, Time: 00:32:34

Health: 0/63       AC:  3    Str: 11      XL:     11   Next: 12%
Magic:  18/18      EV: 16    Int: 14 (16) God:    Okawaru [*****.]
Gold:   359        SH:  0    Dex: 12      Spells: 2 memorised, 11 levels left

rFire  + . .     SeeInvis .     c - +3 demon whip (flame)
rCold  x . .     Gourm    .     (no shield)
rNeg   . . .     Faith    .     (helmet restricted)
rPois  .         Spirit   .     (no amulet)
rElec  .         Dismiss  .     C - ring of fire (curse)
rCorr  .         Reflect  .     J - ring of protection from magic
SustAt .         Harm     .     (no ring)
MR     +....     Clarity  +     (no ring)
Stlth  +++++++...               (no ring)
                                (no ring)
                                (no ring)
                                (no ring)

@: lethally poisoned (0 -> -8), very slightly contaminated, invisible, somewhat
resistant to hostile enchantments, extremely stealthy
A: almost no armour, amphibious, 8 rings, constrict 8, yellow scales 1,
camouflage 1, clarity, dopey 1, gelatinous body 1
a: Heroism, Finesse, Renounce Religion


You were in a bailey.
You worshipped Okawaru.
Okawaru was extremely pleased with you.
You were not hungry.

You visited 3 branches of the dungeon, and saw 12 of its levels.
You also visited: Bailey.

You collected 359 gold pieces.

Inventory:

Hand Weapons
 c - a +3 demon whip of flaming (weapon)
 g - a +0 short sword of protection
 i - a +3 quick blade
 s - a +0 hunting sling
 u - a +0 blowgun
 E - a +1 short sword of venom
 G - a +2 shortbow of freezing
Missiles
 b - 33 silver sling bullets
 l - 181 stones (quivered)
 m - 20 sling bullets
 n - 2 curare-tipped needles
 v - 8 poisoned needles
 H - 44 arrows
Jewellery
 C - a cursed ring of fire (left tentacle)
 J - a ring of protection from magic (right tentacle)
Wands
 p - a wand of digging (8/24)
 x - a wand of invisibility (3/9)
Scrolls
 e - 2 scrolls of identify
 h - 5 scrolls of remove curse
 o - 2 scrolls of immolation
 r - a scroll of fear
 A - a scroll of enchant armour
 F - a scroll of silence
Potions
 z - a potion of cure mutation
Comestibles
 f - 2 bread rations
 j - 5 fruits


   Skills:
 - Level 1.0 Fighting
 - Level 1.0 Short Blades
 + Level 5.2 Slings
 + Level 8.1 Dodging
 + Level 11.3 Stealth
 * Level 4.8 Spellcasting
 * Level 5.0 Transmutations
 * Level 5.3 Earth Magic
 + Level 7.7 Evocations


You had 11 spell levels left.
You knew the following spells:

 Your Spells              Type           Power        Failure   Level  Hunger
a - Statue Form           Trmt/Erth      ###......    100%        6    #######
b - Stoneskin             Trmt/Erth      ###.....     3%          2    ##.....


Dungeon Overview and Level Annotations

Branches:
Dungeon (10/15)            Temple (1/1) D:4            Lair (1/8) D:8
    Orc: D:9-12

Altars:
Ashenzari
Cheibriados
Dithmenos
Elyvilon
Fedhas
Gozag
Kikubaaqudgha
Makhleb
Nemelex Xobeh
Okawaru
Pakellas
Qazlal
Ru
Sif Muna
Trog
Xom
Yredelemnul
Zin
The Shining One


Innate Abilities, Weirdness & Mutations

You cannot wear most types of armour.
You are amphibious.
You can wear up to eight rings at the same time.
You can use your tentacles to constrict eight enemies at once.
Your skin changes colour to match your surroundings (Stealth).
Your rubbery body absorbs attacks (AC +1).
You are partially covered in yellow scales (AC +2).
You possess an exceptional clarity of mind.
You are dopey. (Int -2)


Message History

You feel sick.
The wind drake bites you but does no damage.
Evoke which item? (* to show all) (? for menu, Esc to quit)
Okay, then.
Read which item? (? for menu, Esc to quit)
Charge which item? (? for menu, Esc to quit)
As you read the scroll of recharging, it crumbles to dust.
Your wand of invisibility (0/9) glows for a moment and now has 4 charges.
* * * LOW HITPOINT WARNING * * *
You feel sick. The wind drake flaps its wings at you.
The air twists around and strikes you!
* * * LOW HITPOINT WARNING * * *
Evoke which item? (* to show all) (? for menu, Esc to quit)
Zapping:
x - a wand of invisibility (4/9)
Press: ? - help, Shift-Dir - straight line, f - you, p - wind drake You fade into invisibility!
You are very lightly contaminated with residual magic.
This wand has 3 charges left.
You die...

#.8.8.8.' ≈≈≈≈ #.......#
≈≈≈≈ #######'######
≈≈≈≈≈ +.(.....)(....
≈≈≈≈≈######≈≈≈≈≈≈≈≈()≈≈)
≈≈≈≈≈≈≈≈≈≈≈≈≈≈≈≈≈≈≈≈≈≈≈≈
≈≈≈≈≈≈≈≈≈≈≈≈≈≈≈≈≈≈≈≈≈≈≈≈
≈≈≈≈≈≈≈≈k≈≈≈≈≈≈≈≈≈≈≈≈≈≈≈
≈≈≈≈≈≈≈@≈≈≈≈≈≈≈≈≈≈≈≈≈≈≈≈
≈≈≈≈≈≈≈≈≈≈≈≈≈≈≈≈≈≈≈≈≈≈≈≈
≈≈≈≈≈≈≈≈≈≈≈≈≈≈≈≈≈≈≈≈≈≈≈≈
≈≈≈≈≈≈≈≈≈≈≈≈≈≈≈≈≈≈≈≈≈≈≈≈
≈≈≈≈≈≈≈≈≈≈≈≈≈≈≈≈≈≈≈≈≈≈≈≈
########################


You could see a wind drake.

Vanquished Creatures
  An orc high priest (Bailey)
  The ghost of Uberwunderbarhen the Cudgeler, a novice DsCK of Xom (D:6)
  2 polar bears (D:10)
  Grinder (D:5)
  Sigmund (D:2)
  A hippogriff (D:7)
  Grum (D:8)
  A hungry ghost (D:7)
  Menkaure (D:4)
  Edmund (D:5)
  4 wolves
  Duvessa (D:5)
  2 slaves
  10 orc warriors
  An ice beast (D:10)
  A phantom (D:7)
  2 ogres
  2 black bears
  2 centaurs
  2 giant frogs
  A gnoll sergeant (D:7)
  Dowan (D:5)
  2 scorpions
  5 killer bees (D:7)
  A spriggan skeleton (D:9)
  7 electric eels
  A jelly (D:7)
  A wasp zombie (D:5)
  3 crimson imps
  4 orc priests
  A giant frog skeleton (D:9)
  4 hounds
  3 giant frog zombies
  3 centaur skeletons (D:9)
  Jessica (D:3)
  2 iguanas (D:8)
  Natasha (thrice) (D:2)
  4 orc wizards
  6 worker ants
  2 hound zombies (D:9)
  A hound skeleton (D:4)
  5 worker ant zombies
  14 adders
  11 gnolls
  7 quokkas
  A shadow imp (D:8)
  2 oozes
  2 adder zombies (D:5)
  An adder skeleton (D:5)
  3 worms
  6 giant geckos
  25 orcs
  2 giant cockroaches
  19 goblins
  12 hobgoblins
  2 jackals (D:6)
  A ball python (D:6)
  14 bats
  A giant gecko skeleton (D:5)
  5 giant newts
  8 kobolds
  A quokka zombie (D:5)
  8 rats
244 creatures vanquished.

Vanquished Creatures (collateral kills)
  Pikel (D:4)
  A hound (D:5)
  An orc wizard (D:6)
  A worker ant (D:5)
  An orc (D:6)
  A giant gecko zombie (D:5)
6 creatures vanquished.

Vanquished Creatures (others)
  A slave (D:4)
  A giant frog skeleton (D:4)
  An orc wizard (D:6)
  2 worker ants (D:4)
  A giant newt (D:4)
  2 plants (D:9)
8 creatures vanquished.

Grand Total: 258 creatures vanquished

Notes
Turn   | Place    | Note
--------------------------------------------------------------
     0 | D:1      | M4edhros the Octopode Artificer began the quest for the Orb.
     0 | D:1      | Reached XP level 1. HP: 13/13 MP: 3/3
   240 | D:1      | Reached XP level 2. HP: 18/18 MP: 4/4
   378 | D:2      | Noticed Natasha
   381 | D:2      | Noticed a crimson imp
   392 | D:2      | Killed Natasha
   392 | D:2      | Reached XP level 3. HP: 2/23 MP: 5/5
   776 | D:2      | Reached XP level 4. HP: 19/28 MP: 6/6
   940 | D:4      | Noticed Pikel
   941 | D:4      | Noticed a slave
   945 | D:4      | Noticed a slave
   946 | D:4      | Noticed a slave
   956 | D:4      | Noticed a slave
   956 | D:4      | Reached skill level 4 in Stealth
  1134 | D:4      | Found a staircase to the Ecumenical Temple.
  1140 | Temple   | Entered the Ecumenical Temple
  1217 | Temple   | Became a worshipper of Warmaster Okawaru
  2115 | D:2      | Reached XP level 5. HP: 33/33 MP: 8/8
  2179 | D:2      | Noticed Sigmund
  2196 | D:2      | Killed Sigmund
  2196 | D:2      | Reached * piety under Okawaru
  2196 | D:2      | Reached skill level 6 in Stealth
  2196 | D:2      | Reached XP level 6. HP: 38/38 MP: 9/9
  2481 | D:2      | Noticed Natasha
  2486 | D:2      | Killed Natasha
  2648 | D:2      | Noticed Natasha
  2668 | D:2      | Killed Natasha
  2784 | D:3      | Noticed Jessica
  2791 | D:3      | Killed Jessica
  3113 | D:3      | Reached XP level 7. HP: 41/43 MP: 10/10
  3310 | D:3      | Found a shattered altar of Ashenzari.
  3426 | D:4      | Found a shimmering altar of Xom.
  3427 | D:4      | Found a shimmering altar of Xom.
  3449 | D:4      | Found a shimmering altar of Xom.
  3451 | D:4      | Found a shimmering altar of Xom.
  3452 | D:4      | Found a shimmering altar of Xom.
  3571 | D:4      | Noticed Menkaure
  3573 | D:4      | Killed Menkaure
  3573 | D:4      | Reached skill level 7 in Stealth
  3573 | D:4      | Reached skill level 5 in Evocations
  3618 | D:4      | Killed Pikel
  3618 | D:4      | Reached ** piety under Okawaru
  3618 | D:4      | Reached skill level 1 in Slings
  3618 | D:4      | Reached skill level 5 in Dodging
  3618 | D:4      | Reached skill level 8 in Stealth
  3618 | D:4      | Reached XP level 8. HP: 11/48 MP: 10/12
  3811 | D:5      | Entered Level 5 of the Dungeon
  3849 | D:5      | Noticed Edmund
  3864 | D:5      | Killed Edmund
  4078 | D:5      | Found a shadowy altar of Dithmenos.
  4226 | D:5      | Noticed Grinder
  4239 | D:5      | Found a blossoming altar of Fedhas.
  4267 | D:5      | Killed Grinder
  4267 | D:5      | Reached *** piety under Okawaru
  4267 | D:5      | Reached skill level 9 in Stealth
  4430 | D:5      | Noticed Dowan
  4433 | D:5      | Noticed Duvessa
  4449 | D:5      | Killed Duvessa
  4452 | D:5      | Killed Dowan
  4489 | D:5      | Reached XP level 9. HP: 44/53 MP: 13/13
  4901 | D:6      | Reached skill level 10 in Stealth
  4996 | D:6      | Found a burning altar of Makhleb.
  5023 | D:6      | Noticed Uberwunderbarhen's ghost (novice DsCK)
  5057 | D:6      | Learned a level 6 spell: Statue Form
  5070 | D:6      | Killed Uberwunderbarhen's ghost
  5070 | D:6      | Reached skill level 1 in Spellcasting
  5070 | D:6      | Reached skill level 1 in Transmutations
  5070 | D:6      | Reached skill level 1 in Earth Magic
  5174 | D:6      | Found an opulent altar of Gozag.
  5231 | D:6      | Reached **** piety under Okawaru
  5633 | D:7      | Learned a level 2 spell: Stoneskin
  6855 | D:7      | Found an oddly glowing altar of Pakellas.
  6951 | D:8      | Noticed Grum
  7263 | D:7      | Reached XP level 10. HP: 16/58 MP: 13/15
  7875 | D:8      | Found a staircase to the Lair.
  7960 | D:7      | HP: 2/58 [wolf[Grum] (10)]
  7961 | D:7      | Reached ***** piety under Okawaru
  8349 | D:8      | Killed Grum
  9250 | Lair:1   | Entered Level 1 of the Lair of Beasts
  9363 | D:9      | Identified a scroll of acquirement
  9442 | D:9      | Reached skill level 11 in Stealth
  9520 | D:9      | Received a gift from Okawaru
 10916 | D:10     | Entered Level 10 of the Dungeon
 10964 | D:10     | Found a bloodstained altar of Trog.
 11193 | D:10     | Reached skill level 5 in Slings
 11383 | D:10     | Found a flagged portal.
 11455 | Bailey   | Entered a bailey
 11939 | Bailey   | Noticed an orc high priest
 11939 | Bailey   | Noticed an orc high priest
 11939 | Bailey   | Found an iron altar of Okawaru.
 12091 | Bailey   | Killed an orc high priest
 12091 | Bailey   | Received a gift from Okawaru
 12091 | Bailey   | Reached skill level 5 in Earth Magic
 12091 | Bailey   | Reached XP level 11. HP: 55/63 MP: 16/18
 12095 | Bailey   | Reached skill level 5 in Transmutations
 12916 | Bailey   | Gained mutation: Your body sometimes deteriorates upon taking damage. [a neqoxec]
 12928 | Bailey   | Lost mutation: Your body sometimes deteriorates upon taking damage. [potion of cure mutation]
 12929 | Bailey   | Gained mutation: You possess an exceptional clarity of mind. [potion of mutation]
 12929 | Bailey   | Gained mutation: You are dopey. (Int -2) [potion of mutation]
 12929 | Bailey   | Gained mutation: You are partially covered in yellow scales (AC +2). [potion of mutation]
 12930 | Bailey   | HP: 1/63 [wind drake/the air (8)]
 12931 | Bailey   | Succumbed to poison (a potion of poison)

Vault maps used:
D:1:      minmay_arrival_semitransparent, supply_closet_lemuel
D:2:      uniq_sigmund, uniq_natasha
D:3:      marbit_many_paths, uniq_jessica
D:4:      xom_redecorated, minmay_temple_entry_enclosed_plants, uniq_menkaure,
          uniq_pikel
D:5:      kennysheep_mini, lemuel_doored_altar, first_bread, serial_undead,
          serial_undead_f, serial_undead_c, serial_undead_d, serial_undead_c,
          uniq_duvessa, uniq_edmund, uniq_grinder
D:6:      nicolae_overflow_crystal_walls, grunt_gozag_breadcrumbs
D:7:      johnstein_pakellas_dig
D:8:      lair_0_dummy, uniq_grum
D:9:      vehumet_statue, basic_altar, serial_bayou, serial_bayou_pond_e,
          serial_bayou_lagoon_a, serial_bayou_shore_a, serial_bayou_ford_a,
          hangedman_tell_no_tales, minmay_radiant
D:10:     lightli_bailey_entry_fortress, trog_ov_bears_minmay, uniq_gastronok,
          uniq_erolcha
Temple:   water_room_temple_b_12
Lair:1:   st_stairs_12, cheibrodos_lair_reptile_den
Bailey:   bailey_axe_of_yendor_kennysheep, bailey

Action                   |  1- 3 |  4- 6 |  7- 9 | 10-12 || total
-------------------------+-------+-------+-------+-------++-------
Melee: Short sword       |    48 |   111 |   261 |   161 ||   581
       Quick blade       |       |       |       |    50 ||    50
       Demon whip        |       |       |       |    61 ||    61
 Fire: Blowgun           |       |       |    83 |    96 ||   179
       Hunting sling     |       |       |    12 |    28 ||    40
       Shortbow          |       |       |       |    78 ||    78
 Cast: Stoneskin         |       |       |     3 |     3 ||     6
Evoke: Wand              |     2 |     8 |    37 |     4 ||    51
  Use: Potion            |       |     3 |     7 |     7 ||    17
       Scroll            |       |       |    10 |     6 ||    16
 Stab: Sleeping          |     4 |    17 |    19 |     9 ||    49
       Distracted        |     1 |     2 |     2 |     3 ||     8
       Confused          |       |       |     1 |       ||     1
       Invisible         |       |       |     7 |     5 ||    12
  Eat: Chunk             |       |     7 |     7 |     9 ||    23
       Bread ration      |       |       |     2 |     2 ||     4
       Meat ration       |       |       |     2 |     1 ||     3
       Royal jelly       |       |       |     1 |       ||     1
